 Dungeon Crawl Stone Soup version bcrawl-1.40.3b (webtiles) character file.

Game seed: 12613398375997959910

116355 TheWayOfAllFlesh the Covered (level 3, 3/33 HPs)
             Began as a Minotaur Fighter on Jan 29, 2024.
             Quit the game on level 3 of the Dungeon.
             The game lasted 00:02:06 (1643 turns).

TheWayOfAllFlesh the Covered (Minotaur Fighter)     Turns: 1643, Time: 00:02:06

Health: 3/33       AC:  7    Str: 20    XL:     3   Next: 76%
Magic:  2/2        EV:  5    Int:  6    God:
Gold:   81         SH:  9    Dex:  9    Spells: 2/2 levels left

rFire    . . .     GDR:     25% a - +0 war axe
rCold    . . .     SeeInvis .   c - +0 medium shield
rNeg     . . .     Gourm    .   b - +0 scale mail
rPois    .         Faith    .   (helmet restricted)
rElec    .         Spirit   .   (no cloak)
rCorr    .         Reflect  .   (no gloves)
MR       .....                  (no boots)
Stlth    ..........             (no amulet)
HPRegen  0.15/turn              (no ring)
MPRegen  0.08/turn              (no ring)

@: no status effects
A: retaliatory headbutt, horns 2
a: no special abilities


You were on level 3 of the Dungeon.
You were hungry.

You visited 1 branch of the dungeon, and saw 3 of its levels.

You collected 81 gold pieces.

Inventory:

Hand Weapons
 a - a +0 war axe (weapon)
Armour
 b - a +0 scale mail (worn)
 c - a +0 medium shield (worn)
Jewellery
 f - a +3 ring of intelligence {unknown}
 g - a +4 ring of protection {unknown}
 o - an uncursed amulet of regeneration {unknown}
Scrolls
 i - a scroll of identify
 j - a scroll of fog {unknown}
 l - 2 scrolls of amnesia {unknown}
 m - a scroll of revelation {unknown}
 q - a scroll of enchant armour {unknown}
 r - a scroll of remove curse {unknown}
Potions
 d - a potion of might
 h - 2 potions of heal wounds {unknown}
 k - 2 potions of mutation {unknown}
 p - 2 potions of resistance {unknown}
 s - a potion of cancellation {unknown}
Comestibles
 e - 6 rations {!d}
 n - a chunk of flesh


   Skills:
 + Level 4.1 Fighting
 * Level 3.6 Axes
 + Level 4.1 Armour
 + Level 4.1 Shields


You had 2 spell levels left.
You didn't know any spells.
Your spell library was empty.

Dungeon Overview and Level Annotations

Branches:
Dungeon (3/12)

Altars:


Innate Abilities, Weirdness & Mutations

You reflexively headbutt those who attack you in melee.
You have a pair of horns on your head.


Message History

Your headbutt misses the frilled lizard.
The frilled lizard bites you but does no damage.
The gnoll barely misses you. You block the frilled lizard's attack.
You miss the frilled lizard.
The gnoll hits you from afar with a +0 spear.
You block the frilled lizard's attack. You block the gnoll's attack.
Your shield prevents you from hitting the frilled lizard.
Your headbutt misses the frilled lizard.
You block the frilled lizard's attack.
The gnoll hits you from afar with a +0 spear.
* * * LOW HITPOINT WARNING * * *
The frilled lizard bites you but does no damage.
You barely miss the frilled lizard.
The gnoll hits you from afar with a +0 spear.
* * * LOW HITPOINT WARNING * * *
You block the frilled lizard's attack.
A worm comes into view.
Unknown command.
Unknown command.
Are you sure you want to abandon this character and quit the game? (Confirm with "yes".)

........# ##
......... .#
......w.# .#
........# .#
........# .####
...Z.g..##....♣
...glg..gg..#
...######l###
######@###
#........#
#........#
#........#
#........#
####..+###
########♣.♣#
#.......#.'####
#.......♣.♣...#


You could see a worm (wandering), 2 gnolls and a frilled lizard.

Vanquished Creatures
  A gnoll (D:3)
  2 worms (D:2)
  A dart slug (D:2)
  A leopard gecko (D:2)
  An orc (D:2)
  3 bats
  3 giant cockroaches
  5 goblins
  4 hobgoblins
  A jackal (D:1)
  2 ball pythons (D:1)
  3 frilled lizards (D:1)
  5 kobolds (D:1)
  7 rats
39 creatures vanquished.

Notes
Turn   | Place    | Note
-------+----------+-------------------------------------------
     0 | D:1      | TheWayOfAllFlesh the Minotaur Fighter began the quest for
                  | the Orb.
     0 | D:1      | Reached XP level 1. HP: 19/19 MP: 0/0
   146 | D:1      | Reached XP level 2. HP: 24/27 MP: 1/1
   840 | D:2      | Reached XP level 3. HP: 30/33 MP: 2/2
  1117 | D:2      | Found a faded altar of an unknown god.
  1643 | D:3      | Quit the game

Skill      XL: |  1  2  3 |
---------------+----------+-----
Axes           | 3 |  3.6
Fighting       | 4 |  4.1
Armour         | 4 |  4.1
Shields        | 4 |  4.1

Action                   || total
-------------------------++-------
Melee: War axe           ||   124
       Headbutt          ||    14
  Eat: Chunk             ||     6
Armor: Scale mail        ||    61
Dodge: Dodged            ||    22
Block: Medium shield     ||    75
